 Dungeon Crawl Stone Soup version 0.24-a0-582-g4d4af81 (webtiles) character file.

Game seed: 3292053871138666103

366 Spazmo the Magician (level 6, -1/32 HPs)
             Began as a Deep Elf Fire Elementalist on Aug 27, 2019.
             Slain by a two-headed ogre
             ... wielding a +0 giant club
              (30 damage)
             ... on level 4 of the Dungeon.
             The game lasted 00:09:03 (3144 turns).

Spazmo the Magician (Deep Elf Fire Elementalist)    Turns: 3144, Time: 00:09:05

Health: -1/32      AC:  3    Str:  5    XL:     6   Next: 40%
Magic:  6/16       EV: 13    Int: 22    God:
Gold:   181        SH:  0    Dex: 15    Spells: 1/16 levels left

rFire    . . .     SeeInvis .   f - +1 dagger
rCold    . . .     Gourm    .   (no shield)
rNeg     . . .     Faith    .   a - +0 robe
rPois    .         Spirit   .   (no helmet)
rElec    .         Reflect  .   (no cloak)
rCorr    +         Harm     .   (no gloves)
MR       .....                  y - +0 pair of boots
Stlth    ++........             (no amulet)
HPRegen  0.10/turn              i - ring of resist corrosion
MPRegen  0.15/turn              (no ring)

@: no status effects
A: no striking features
a: no special abilities


You were on level 4 of the Dungeon.
You were hungry.

You visited 1 branch of the dungeon, and saw 4 of its levels.

You collected 181 gold pieces.

Inventory:

Hand Weapons
 f - a +1 dagger (weapon)
Missiles
 g - 95 stones (quivered)
Armour
 a - a +0 robe (worn)
 y - a +0 pair of boots (worn)
Jewellery
 i - a ring of resist corrosion (left hand)
Wands
 o - a wand of flame (11)
Scrolls
 e - 2 scrolls of identify
 n - 2 scrolls of magic mapping
 s - a scroll of enchant weapon
Potions
 b - a potion of cancellation
 d - 2 potions of agility
 j - a potion of resistance
 k - a potion of ambrosia
 m - a potion of curing
 p - a potion of haste
 q - a potion of mutation
 r - a potion of brilliance {unknown}
Comestibles
 c - 6 rations
 h - 2 chunks of flesh


   Skills:
 - Level 2.4 Dodging
 - Level 2.4 Stealth
 + Level 5.7 Spellcasting
 + Level 4.2 Conjurations
 + Level 5.3 Fire Magic


You had one spell level left.
You knew the following spells:

 Your Spells              Type           Power        Failure   Level  Hunger
a - Flame Tongue          Conj/Fire      ####.        1%          1    None
b - Throw Flame           Conj/Fire      ####..       1%          2    None
c - Conjure Flame         Conj/Fire      ####....     4%          3    ##.....
d - Sticky Flame          Conj/Fire      ####....     13%         4    ####...
e - Fireball              Conj/Fire      ####......   36%         5    #####..

Your spell library contained the following spells:

 Spells                   Type           Power        Failure   Level  Hunger
 Inner Flame              Hex/Fire       ###.....     10%         3    ##.....


Dungeon Overview and Level Annotations

Branches:
Dungeon (4/15)
 Temple: D:4-7

Altars:
Fedhas

Annotations:
D:2 Sigmund


Message History

The two-headed ogre burns!
The two-headed ogre burns!
The two-headed ogre burns!
You see here a +0 flail.
The two-headed ogre burns!
The two-headed ogre burns!
The two-headed ogre burns!
The two-headed ogre stops burning.
Casting: Sticky Flame (safe; 13% risk of failure)
Confirm with . or Enter, or press ? or * to list all spells.
Aiming: Sticky Flame (safe; 13% risk of failure)
Press: ? - help, Shift-Dir - straight line, f/p - two-headed ogre
Aim: a two-headed ogre, wielding two +0 giant clubs (severely wounded)
The sticky flame hits the two-headed ogre.
The two-headed ogre is almost dead.
The two-headed ogre is covered in liquid flames!
You are feeling hungry.
The two-headed ogre burns!
The two-headed ogre hits you with a +0 giant club!!
Ouch! That really hurt!
You die...

.##.#?..##.# #oh#####
.##.## ..#.# ##.# ..#...
#...## #.# #.#..###..(.#
#.# ./..(....#.###.#
##....>.....##.##
###......†...##..#
.../)).......###.#
#.#..........###@#####
..#............O.....#
...........[.......#.###
........<.##<..........#
###.......#.)..........#
#...................#
###.................#
#(................#
#.....#..........##


You could see a two-headed ogre (burning).

Vanquished Creatures
  An ogre (D:4)
  An orc wizard (D:4)
  A hound (D:4)
  3 worker ants
  4 gnolls (D:4)
  5 adders
  An ooze (D:4)
  An adder skeleton (D:4)
  A worm (D:2)
  3 leopard geckos
  5 orcs
  2 giant cockroaches
  3 goblins (D:1)
  8 hobgoblins
  3 jackals (D:4)
  9 kobolds
  A quokka (D:4)
  A ball python (D:1)
  7 bats
  A frilled lizard (D:3)
  A jackal skeleton (D:4)
  6 rats
68 creatures vanquished.

Notes
Turn   | Place    | Note
-------+----------+-------------------------------------------
     0 | D:1      | Spazmo the Deep Elf Fire Elementalist began the quest for
                  | the Orb.
     0 | D:1      | Reached XP level 1. HP: 10/10 MP: 6/6
   150 | D:1      | Reached XP level 2. HP: 15/15 MP: 2/8
   154 | D:1      | Learned a level 2 spell: Throw Flame
   868 | D:2      | Reached XP level 3. HP: 19/19 MP: 5/10
   873 | D:2      | Learned a level 3 spell: Conjure Flame
  1142 | D:2      | Found a blossoming altar of Fedhas.
  1181 | D:2      | Reached XP level 4. HP: 24/24 MP: 8/12
  1187 | D:2      | Learned a level 4 spell: Sticky Flame
  1223 | D:2      | Noticed Sigmund
  1782 | D:3      | Found a faded altar of an unknown god.
  1996 | D:3      | You fall into a shaft and drop 1 floor!
  1997 | D:4      | Noticed a two-headed ogre
  2432 | D:4      | Noticed an ogre
  2433 | D:4      | Reached XP level 5. HP: 26/28 MP: 8/14
  2547 | D:4      | Killed an ogre
  2547 | D:4      | Reached skill level 5 in Spellcasting
  2547 | D:4      | Reached skill level 5 in Fire Magic
  2565 | D:4      | Reached XP level 6. HP: 32/32 MP: 0/16
  2572 | D:4      | Learned a level 5 spell: Fireball
  3144 | D:4      | Slain by a two-headed ogre

Levels and vault maps discovered:
D:1:      psy_arrival_dodecagon, layout_basic
D:2:      layout_loops_ring, chequers_serial_rivers_micro_a,
          fedhas_ov_isle_minmay, uniq_sigmund
D:3:      layout_loops_corners, first_ration,
          chequers_ecumenical_altar_simple_redux
D:4:      layout_rooms, portal_sewer_entry_f

Skill      XL: |  1  2  3  4  5  6 |
---------------+-------------------+-----
Conjurations   | 2 3 4 |  4.2
Fire Magic     | 4 5 |  5.3
Spellcasting   | 4 5 |  5.7
Dodging        | |  2.4
Stealth        | |  2.4

Action                   |  1- 3 |  4- 6 || total
-------------------------+-------+-------++-------
Melee: Dagger            |     2 |       ||     2
Throw: Stone             |       |     2 ||     2
 Cast: Flame Tongue      |    62 |    70 ||   132
       Throw Flame       |     1 |     5 ||     6
       Sticky Flame      |       |     9 ||     9
  Use: Potion            |     4 |       ||     4
       Scroll            |     3 |    10 ||    13
  Eat: Chunk             |     1 |     3 ||     4
       Ration            |       |     1 ||     1
Armor: Robe              |     6 |     9 ||    15
Dodge: Dodged            |    17 |    35 ||    52

Table legend:
 A = Non-vault XP
 B = Vault XP
 C = Vault XP percentage of total XP
 D = Non-vault monster count
 E = Vault monster count
 F = Vault count percentage of total count
                 A         B        C        D         E       F
            +---------+---------+-------+---------+---------+-------
      Total |     521 |       2 |   0.4 |      67 |       1 |   1.5
            +---------+---------+-------+---------+---------+-------
        D:1 |      32 |       0 |   0.0 |      20 |       0 |   0.0
        D:2 |      82 |       0 |   0.0 |      15 |       0 |   0.0
        D:3 |      69 |       0 |   0.0 |      13 |       0 |   0.0
        D:4 |     338 |       2 |   0.6 |      19 |       1 |   5.0
            +---------+---------+-------+---------+---------+-------
